 Dungeon Crawl Stone Soup version 0.30.0-5-g1a98f26d00 (webtiles) character file.

Game seed: 87766925111725529

68 Demosthentine the Ducker (level 4, -2/34 HPs)
             Began as a Demonspawn Gladiator on May 12, 2023.
             Killed by divine providence
             ... invoked by an orc priest
              (16 damage)
             ... on level 3 of the Dungeon.
             The game lasted 00:01:42 (1627 turns).

Demosthentine the Ducker (Demonspawn Gladiator)     Turns: 1627, Time: 00:01:43

Health: -2/34      AC:  5    Str: 17    XL:     4   Next: 1%
Magic:  4/4        EV: 12    Int:  9    God:
Gold:   130        SH:  0    Dex: 14    Spells: 3/3 levels left

rFire   . . .        a - +0 trident (freeze)
rCold   . . .        (no shield)
rNeg    . . .        b - +0 leather armour
rPois   .            c - +1 helmet
rElec   .            (no cloak)
rCorr   .            (no gloves)
SInv    .            (no boots)
Will    .....        (no amulet)
Stlth   +            (no ring)
HPRegen 0.25/turn    (no ring)
MPRegen 0.09/turn

%: no passive effects
@: no status effects
A: claws 1
a: no special abilities


You were on level 3 of the Dungeon.
You visited 1 branch of the dungeon, and saw 3 of its levels.

You collected 130 gold pieces.

Inventory:

Hand Weapons
 a - a +0 trident of freezing (weapon)
Missiles
 d - 3 throwing nets (quivered)
 e - a javelin
 h - 6 boomerangs
 p - 2 poisoned darts
Armour
 b - a +0 leather armour (worn)
 c - a +1 helmet (worn)
Jewellery
 o - an amulet of faith
Scrolls
 j - a scroll of immolation {unknown}
 l - a scroll of enchant armour
Potions
 f - 3 potions of curing
 g - 2 potions of mutation {unknown}
 i - a potion of brilliance {unknown}
 k - a potion of ambrosia {unknown}
 m - a potion of magic {unknown}
 n - a potion of might {unknown}


   Skills:
 + Level 2.7 Fighting
 + Level 3.2 Polearms
 - Level 1.7 Throwing
 + Level 1.3 Armour
 + Level 3.2 Dodging


You had 3 spell levels left.
You didn't know any spells.
Your spell library contained the following spells:

 Spells                   Type           Power      Damage    Failure   Level
 Sting                    Tmut/Pois      0%         1d3       43%         1
 Poisonous Vapours        Pois/Air       0%         N/A       58%         2
 Olgreb's Toxic Radiance  Pois           0%         N/A       99%         4


Dungeon Overview and Level Annotations

Branches:
Dungeon (3/15)

Altars:


Innate Abilities, Weirdness & Mutations

You have sharp fingernails.


Message History

You feel better. The orc hits you but does no damage.
Reach: a) +0 trident (freeze)
Press: ? - help, Dir - move target, f/p - orc priest
Aim: an orc priest, wielding a +0 club (about 41% to evade your +0 trident of freezing)
You reach to attack!
You puncture the orc priest! You freeze the orc priest.
The orc priest is severely wounded.
The orc priest looks satisfied for a moment.
The orc closely misses you.
Reach: a) +0 trident (freeze)
Press: ? - help, Dir - move target, f/p - orc priest
Aim: an orc priest, wielding a +0 club (severely wounded, about 41% to evade your +0 trident of freezing)
The orc is in the way.
You hit the orc but do no damage. You claw the orc.
You kill the orc!
You have reached level 4!
You feel stronger.
Unknown command.
Reach: a) +0 trident (freeze)
Press: ? - help, Dir - move target, f/p - orc priest
Aim: an orc priest, wielding a +0 club (severely wounded, about 41% to evade your +0 trident of freezing)
The orc is in the way.
You closely miss the orc.
The orc priest calls down the wrath of Beogh upon you.
Beogh smites you!
* * * LOW HITPOINT WARNING * * *
The orc barely misses you.
Unknown command.
You feel better.
The orc priest invokes the aid of Beogh against you.
Beogh smites you!
* * * LOW HITPOINT WARNING * * *
The orc hits you but does no damage.
Reach: a) +0 trident (freeze)
Press: ? - help, Dir - move target, f/p - orc priest
Aim: an orc priest, wielding a +0 club (severely wounded, about 41% to evade your +0 trident of freezing)
You reach to attack!
You closely miss the orc priest.
The orc priest is severely wounded.
The orc completely misses you.
You feel better. The orc hits you with a +0 dagger.
The orc priest mumbles some strange prayers to Beogh against you.
Beogh smites you!
You die...

.###. .... #.....##..#
##.##..##..#
...........############
.....................
.##..###..###########
#........# ##†#.....##
#@#......## #o#.......#
#o$.o.......
###.#.#...### #)#.#####
#.........# #######.###
..# ### #.# ?..


You could see an orc priest and an orc.

Vanquished Creatures
  3 adders
  A worm (D:2)
  2 dart slugs
  3 orcs (D:3)
  2 endoplasms
  A giant cockroach (D:2)
  A goblin (D:2)
  4 hobgoblins
  2 quokkas (D:2)
  3 ball pythons
  3 bats
  2 frilled lizards
  2 kobolds
  3 rats
32 creatures vanquished.

Notes
Turn   | Place    | Note
-------+----------+-------------------------------------------
     0 | D:1      | Demosthentine the Demonspawn Gladiator began the quest for
                  | the Orb.
     0 | D:1      | Reached XP level 1. HP: 16/16 MP: 1/1
   810 | D:2      | Gained mutation: You have sharp fingernails. [demonic
                  | ancestry]
   810 | D:2      | Reached XP level 2. HP: 17/22 MP: 2/2
   970 | D:2      | Reached skill level 1 in Armour
  1066 | D:2      | Reached XP level 3. HP: 28/28 MP: 3/3
  1468 | D:3      | Identified the +0 ring mail of Hospitality {rC+}
  1624 | D:3      | Reached XP level 4. HP: 23/34 MP: 4/4
  1627 | D:3      | Killed from afar by an orc priest

Illustrated notes

Levels and vault maps discovered:
D:1:      co_arrival_square_in_a_square_in_a_square, layout_basic
D:2:      layout_rooms
D:3:      layout_loops_ring, ebering_ghost_sewer_f,
          chequers_ecumenical_altar_island

Skill      XL: |  1  2 |
---------------+-------+-----
Polearms       | 3 |  3.2
Armour         | 1 |  1.3
Dodging        | 3 |  3.2
Fighting       | |  2.7
Throwing       | |  1.7

Action                     |  1- 3 |  4- 6 || total
---------------------------+-------+-------++-------
  Melee: Trident           |   113 |     2 ||   115
         Punch             |     3 |       ||     3
    Use: Scroll            |     7 |       ||     7
         Potion            |     1 |     2 ||     3
   Stab: Distracted        |     1 |       ||     1
 Armour: Leather armour    |    34 |     1 ||    35
  Dodge: Dodged            |    62 |     2 ||    64
